 Dungeon Crawl Stone Soup version 0.31-a0-188-g5e087ee2ca (webtiles) character file.

Game seed: 10704178682091000843

571 qw the Skirmisher (level 7, -2/37 (40) HPs)
             Began as a Deep Elf Hunter on June 23, 2023.
             Was an Initiate of Okawaru.
             Slain by Pikel
             ... wielding a +0 whip of electrocution
              (12 damage)
             ... on level 4 of the Dungeon.
             The game lasted 00:01:44 (3155 turns).

qw the Skirmisher (Deep Elf Hunter)                 Turns: 3155, Time: 00:01:45

HP:   -2/37 (40)    AC: 13    Str: 14    XL:     7   Next: 12%
MP:   9/9           EV: 12    Int: 13    God:    Okawaru [......]
Gold: 51            SH:  0    Dex: 17    Spells: 6/6 levels left

rFire   . . .        Y - +1 shortbow
rCold   . . .        (shield currently unavailable)
rNeg    . . .        d - +0 ring mail
rPois   .            (helmet restricted)
rElec   .            r - +0 cloak
rCorr   .            e - +2 pair of gloves
SInv    .            (no boots)
Will    +....        (no amulet)
Stlth   ++           i - +4 ring of protection
HPRegen 0.26/turn    m - ring of willpower
MPRegen 0.11/turn

%: no passive effects
@: drained
A: fangs 1, horns 1, strong 1, sturdy frame 1
a: Renounce Religion


You were on level 4 of the Dungeon.
You worshipped Okawaru.
Okawaru was noncommittal.
You visited 1 branch of the dungeon, and saw 4 of its levels.
You also visited: Ossuary.

You collected 145 gold pieces.
You spent 94 gold pieces at shops.


Innate Abilities, Weirdness & Mutations

You have very sharp teeth.
You have a pair of small horns on your head.
Your muscles are strong. (Str +4, Int/Dex -1)
Your movements are slightly less encumbered by armour. (ER -2)


   Skills:
 - Level 2.3 Fighting
 + Level 10.5 Ranged Weapons
 - Level 1.0 Armour
 - Level 3.0 Dodging
 - Level 1.2 Stealth


You had 6 spell levels left.
You didn't know any spells.
Your spell library was empty.

Inventory:

Hand Weapons
 Y - a +1 shortbow (weapon)
Armour
 d - a +0 ring mail (worn)
 e - a +2 pair of gloves (worn)
 r - a +0 cloak (worn)
Jewellery
 h - a ring of fire
 i - a +4 ring of protection (left hand)
 m - a ring of willpower (right hand)
Scrolls
 a - a scroll of identify
Potions
 b - a potion of resistance
 f - 2 potions of cancellation
 g - a potion of might {unknown}
 j - a potion of haste
 k - 3 potions of curing
 l - 3 potions of heal wounds
 n - a potion of invisibility {unknown}
 o - a potion of enlightenment {unknown}
 q - 2 potions of mutation
 s - a potion of ambrosia {unknown}
 u - a potion of lignification {unknown}

Dungeon Overview and Level Annotations

Branches:
Dungeon (4/15)            Ossuary (visited)
 Temple: D:4-7

Altars:
Dithmenos
Fedhas
Gozag
Kikubaaqudgha
Nemelex Xobeh
Okawaru
Ru
Uskayaw
Xom

Shops:
D:3 [

Annotations:
D:3 3 runed translucent doors, qw's ghost, amateur DEHu
D:4 Pikel


Message History

You shoot an arrow. The arrow hits the lemure!
The lemure is severely wounded.
You shoot an arrow.
The arrow hits the lemure but does no damage.
The lemure is severely wounded.
Pikel, Merchant of Souls comes into view.
He is wielding a +0 whip of electrocution.
You shoot an arrow.
Pikel shouts!
The arrow hits the lemure!
The lemure is almost dead.
The lemure hits you.
A lemure comes into view.
You shoot an arrow. The lemure shouts!
The arrow hits the lemure.
You kill the lemure!
That felt strangely unrewarding.
You hear a shout!
A phantom comes into view.
You shoot an arrow. The arrow misses Pikel.
You shoot an arrow. The arrow closely misses Pikel.
You shoot an arrow. The arrow hits Pikel!
Pikel is lightly wounded.
You shoot an arrow. The arrow misses Pikel.
A lemure comes into view. x2
You shoot an arrow. The arrow misses Pikel.
The lemure shouts!
You shoot an arrow. The arrow closely misses Pikel.
The arrow hits the lemure.
The lemure is lightly wounded.
Pikel hits you with a +0 whip of electrocution!
You are electrocuted!
You shoot an arrow. The arrow barely misses Pikel.
The lemure hits you but does no damage.
Pikel hits you with a +0 whip of electrocution.
You shoot an arrow. The arrow closely misses Pikel.
The arrow hits the phantom.
The phantom is lightly damaged.
The lemure hits you.
Pikel hits you with a +0 whip of electrocution.
You are electrocuted!
You die...

..........# ....
..........# ....
........### .....
#####...### .....
##############..##
:.....#...........###..#
......#.8._)_._.8.###...
...55.5............##...
......K@}._._._.}.......
......W............###..
####..#.8._._._.8.## #..
####..........[# #..
############# #.. ###


You could see Pikel, 3 lemures and a phantom.

Vanquished Creatures
  A lemure (D:4)
  A wight (Ossuary)
  A bullfrog zombie (Ossuary)
  6 centaur zombies (Ossuary)
  Ijyb (D:3)
  2 orc wizards
  3 scorpion zombies (Ossuary)
  4 adders
  3 adder zombies (Ossuary)
  2 worms
  A dart slug (D:3)
  9 orcs
  5 ball pythons
  3 endoplasms
  4 giant cockroaches
  A gnoll zombie (Ossuary)
  5 goblins
  8 hobgoblins
  3 jackals (D:1)
  6 kobolds
  4 quokkas
  7 bats
  2 frilled lizards
  4 goblin zombies (Ossuary)
  6 hobgoblin zombies (Ossuary)
  4 orc zombies (Ossuary)
  5 rats
101 creatures vanquished.

Notes
Turn   | Place    | Note
-------+----------+-------------------------------------------
     0 | D:1      | qw the Deep Elf Hunter began the quest for the Orb.
     0 | D:1      | Reached XP level 1. HP: 12/12 MP: 3/3
     0 | D:1      | 0 ||| qw: Version: 0.3-a-9-g12657ce
     0 | D:1      | 0 ||| qw: Game counter: 4239
     0 | D:1      | 0 ||| qw: Always use a shield: true
     0 | D:1      | 0 ||| qw: God list: Okawaru
     0 | D:1      | 0 ||| qw: Allow faded altars: false
     0 | D:1      | 0 ||| qw: Do Orc after D:15 true
     0 | D:1      | 0 ||| qw: Do second Lair branch before Depths: true
     0 | D:1      | 0 ||| qw: Lair rune preference: random
     0 | D:1      | 0 ||| qw: Plans: Normal
     0 | D:1      | 0 ||| PLANNING D:1-11
   120 | D:1      | Reached skill level 6 in Ranged Weapons
   120 | D:1      | Reached XP level 2. HP: 9/16 MP: 4/4
   846 | D:1      | 846 ||| UPGRADING to +0 ring mail.
   856 | D:1      | 856 ||| DROPPING +0 leather armour.
   857 | D:1      | 857 ||| UPGRADING to +2 pair of gloves.
   862 | D:1      | 862 ||| UPGRADING to +4 ring of protection.
   863 | D:1      | 863 ||| READING 4 scrolls labelled HUUN JYMYTH.
   864 | D:1      | 864 ||| READING scroll labelled ROPTOT XOS XIBB.
   865 | D:1      | 865 ||| READING scroll labelled QAUMEOR TYZY.
   866 | D:1      | 866 ||| DRINKING 2 sapphire potions.
   867 | D:1      | 867 ||| READING 3 scrolls of identify.
   867 | D:1      | 867 ||| IDENTIFYING bubbling grey potion
   868 | D:1      | 868 ||| READING 2 scrolls of identify.
   868 | D:1      | 868 ||| IDENTIFYING purple potion
   869 | D:1      | 869 ||| DROPPING scroll of butterflies.
   895 | D:2      | Identified the +3 chain mail of Gozag's Inspiration {rElec
                  | rN+}
   964 | D:2      | Reached XP level 3. HP: 16/20 MP: 5/5
  1049 | D:2      | Reached skill level 7 in Ranged Weapons
  1209 | D:2      | Reached XP level 4. HP: 25/25 MP: 6/6
  1283 | D:2      | 1283 ||| UPGRADING to ring of willpower.
  1284 | D:2      | 1284 ||| READING scroll labelled BUYLO VA SUINK.
  1286 | D:2      | 1286 ||| Stepping ~*~*~tactically~*~*~ (cloud).
  1787 | D:3      | Found Nogg's Antique Armour Shoppe.
  1802 | D:3      | 1802 ||| BUYING cloak (94 gold).
  1802 | D:3      | Bought a cloak for 94 gold pieces
  1832 | D:3      | Noticed Ijyb
  1841 | D:3      | Killed Ijyb
  1842 | D:3      | Reached skill level 8 in Ranged Weapons
  1918 | D:3      | Reached XP level 5. HP: 19/29 MP: 7/7
  1920 | D:3      | 1920 ||| FLEEEEING.
  1925 | D:3      | 1925 ||| FLEEEEING.
  1926 | D:3      | 1926 ||| FLEEEEING.
  1927 | D:3      | 1927 ||| FLEEEEING.
  1934 | D:3      | 1934 ||| FLEEEEING.
  1935 | D:3      | 1935 ||| FLEEEEING.
  1936 | D:3      | 1936 ||| FLEEEEING.
  1937 | D:3      | 1937 ||| FLEEEEING.
  1938 | D:3      | 1938 ||| FLEEEEING.
  1939 | D:3      | 1939 ||| FLEEEEING.
  1940 | D:3      | 1940 ||| FLEEEEING.
  1941 | D:3      | 1941 ||| FLEEEEING.
  1942 | D:3      | 1942 ||| FLEEEEING.
  1944 | D:3      | 1944 ||| FLEEEEING.
  1945 | D:3      | 1945 ||| FLEEEEING.
  1946 | D:3      | 1946 ||| FLEEEEING.
  2096 | D:3      | Found a runed translucent gate.
  2096 | D:3      | Found a runed translucent gate.
  2096 | D:3      | Found an opulent altar of Gozag.
  2096 | D:3      | Found a runed translucent gate.
  2104 | D:3      | Noticed qw's ghost (amateur DEHu)
  2416 | D:3      | 2416 ||| UPGRADING to +0 cloak.
  2421 | D:3      | 2421 ||| READING scroll labelled HAUMPO UVOLE.
  2422 | D:3      | 2422 ||| READING scroll labelled JIRYW MAGOO.
  2423 | D:3      | 2423 ||| READING scroll labelled CEBLYF BY RISS.
  2424 | D:3      | 2424 ||| DRINKING 3 black potions.
  2424 | D:3      | Gained mutation: You have very sharp teeth. [potion of
                  | mutation]
  2424 | D:3      | Gained mutation: Your muscles are strong. (Str +4, Int/Dex
                  | -1) [potion of mutation]
  2424 | D:3      | Gained mutation: You have a pair of small horns on your
                  | head. [potion of mutation]
  2424 | D:3      | Gained mutation: Your movements are slightly less
                  | encumbered by armour. (ER -2) [potion of mutation]
  2425 | D:3      | 2425 ||| READING 2 scrolls of identify.
  2425 | D:3      | 2425 ||| IDENTIFYING grey potion
  2426 | D:3      | 2426 ||| DROPPING potion of berserk rage.
  2442 | D:4      | 2442 ||| PLANNING OSSUARY
  2485 | D:4      | Reached skill level 9 in Ranged Weapons
  2504 | D:4      | 2504 ||| FLEEEEING.
  2600 | D:4      | Found a sparkling altar of Nemelex Xobeh.
  2600 | D:4      | Found a hide-covered altar of Uskayaw.
  2600 | D:4      | Found an opulent altar of Gozag.
  2602 | D:4      | Found a shimmering altar of Xom.
  2602 | D:4      | Found a shadowy altar of Dithmenos.
  2602 | D:4      | Found an ancient bone altar of Kikubaaqudgha.
  2604 | D:4      | Found a sacrificial altar of Ru.
  2604 | D:4      | Found a blossoming altar of Fedhas.
  2604 | D:4      | Found an iron altar of Okawaru.
  2622 | D:4      | Found a sand-covered staircase.
  2623 | D:4      | 2623 ||| DROPPING scarf of harm.
  2631 | Ossuary  | Entered an ossuary
  2692 | Ossuary  | Reached XP level 6. HP: 34/36 MP: 8/8
  2734 | Ossuary  | Reached skill level 1 in Armour
  2764 | Ossuary  | Reached skill level 3 in Dodging
  2880 | Ossuary  | Reached skill level 10 in Ranged Weapons
  2909 | Ossuary  | Reached XP level 7. HP: 40/40 MP: 9/9
  2988 | Ossuary  | Noticed a silent spectre
  3021 | Ossuary  | 3021 ||| DRINKING 2 puce potions.
  3026 | D:4      | 3026 ||| PLANNING OKAWARU WORSHIP
  3026 | D:4      | 3026 ||| READING scroll labelled UNIONOE QUAWOB.
  3105 | D:4      | 3105 ||| READING scroll labelled NOATUF ISITE.
  3106 | D:4      | 3106 ||| READING 3 scrolls of identify.
  3106 | D:4      | 3106 ||| IDENTIFYING fizzy dark potion
  3107 | D:4      | 3107 ||| READING 2 scrolls of identify.
  3107 | D:4      | 3107 ||| IDENTIFYING brown potion
  3108 | D:4      | 3108 ||| DROPPING potion of degeneration.
  3136 | D:4      | Became a worshipper of Warmaster Okawaru
  3137 | D:4      | 3137 ||| PLANNING D:1-11
  3145 | D:4      | Noticed Pikel
  3155 | D:4      | Slain by Pikel

Levels and vault maps discovered:
D:1:      eino_arrival_tree_alley, layout_basic, minivault_27
D:2:      layout_rooms
D:3:      layout_loops_corners, serial_shops, nicolae_shop_stone,
          ebering_ghost_gozag, uniq_ijyb
D:4:      layout_basic, nicolae_overflows_in_rows, nicolae_ossuary_entry_plus,
          uniq_edmund, uniq_pikel

Skill      XL: |  1  2  3  4  5  6 |
---------------+-------------------+-----
Ranged Weapons | 6 7 8 9 10 | 10.5
Fighting       | 2 |  2.3
Armour         | 1 |  1.0
Dodging        | 3 |  3.0
Stealth        | |  1.2

Action                     |  1- 3 |  4- 6 |  7- 9 || total
---------------------------+-------+-------+-------++-------
   Fire: Shortbow          |   104 |   269 |    31 ||   404
    Use: Scroll            |     5 |     5 |     4 ||    14
         Potion            |     1 |     1 |     1 ||     3
 Armour: Leather armour    |     6 |       |       ||     6
         Ring mail         |    20 |   127 |     2 ||   149
  Dodge: Dodged            |    28 |   110 |     6 ||   144

Table legend:
 A = Non-vault XP
 B = Vault XP
 C = Vault XP percentage of total XP
 D = Non-vault monster count
 E = Vault monster count
 F = Vault count percentage of total count
                 A         B        C        D         E       F
            +---------+---------+-------+---------+---------+-------
      Total |     250 |     567 |  69.4 |      70 |      30 |  30.0
            +---------+---------+-------+---------+---------+-------
        D:1 |      33 |       0 |   0.0 |      20 |       0 |   0.0
        D:2 |      66 |       0 |   0.0 |      17 |       0 |   0.0
        D:3 |      96 |      36 |  27.3 |      24 |       1 |   4.0
        D:4 |      55 |       0 |   0.0 |       9 |       0 |   0.0
    Ossuary |       0 |     531 | 100.0 |       0 |      29 | 100.0
            +---------+---------+-------+---------+---------+-------
